 Dungeon Crawl Stone Soup version 0.31.0-11-ge490571c62 (webtiles) character file.

Game seed: 16481019654150258485

105 Gadfly the Ruffian (level 4, -1/33 HPs)
             Began as a Demonspawn Shapeshifter on Jan 27, 2024.
             Slain by Sigmund
             ... wielding a +0 scythe
              (8 damage)
             ... on level 3 of the Dungeon.
             The game lasted 00:03:29 (2068 turns).

Gadfly the Ruffian (Demonspawn Shapeshifter)        Turns: 2068, Time: 00:03:30

Health: -1/33      AC:  5    Str: 16    XL:     4   Next: 54%
Magic:  4/4        EV: 12    Int: 11    God:
Gold:   14         SH:  0    Dex: 12    Spells: 3/3 levels left

rFire   . .          .
                       - Unarmed
rCold   . . .        (no shield)
rNeg    . . .        a - +1 animal skin
rPois   .            (helmet currently unavailable)
rElec   .            (cloak currently unavailable)
rCorr   .            (gloves currently unavailable)
SInv    .            (boots currently unavailable)
Will    .....        f - amulet of regeneration
Stlth   +            (no ring)
HPRegen 1.05/turn    (no ring)
MPRegen 0.09/turn

%: no passive effects
@: beast-form
A: beast (slay +1), antennae 1, icy blue scales 1, spiny 1
a: Begin Untransformation


You were on level 3 of the Dungeon.
You were a hulking beast.
You visited 1 branch of the dungeon, and saw 3 of its levels.

You collected 89 gold pieces.
You spent 75 gold pieces at shops.

Inventory:

Armour
 a - a +1 animal skin (worn)
Jewellery
 f - an amulet of regeneration (around neck)
Talismans
 c - a beast talisman (active)
 d - a flux talisman
Scrolls
 i - a scroll of poison {unknown}
 j - a scroll of revelation
 k - a scroll of fear
 m - a scroll of blinking
Potions
 e - a potion of curing
 g - a potion of resistance
 h - a potion of brilliance {unknown}


   Skills:
 + Level 1.9 Fighting
 * Level 2.8 Dodging
 + Level 3.0 Unarmed Combat
 * Level 2.1 Evocations
 + Level 3.0 Shapeshifting


You had 3 spell levels left.
You didn't know any spells.
Your spell library contained the following spells:

 Spells                   Type           Power      Damage    Failure   Level
 Summon Small Mammal      Summ           0%         N/A       34%         1
 Call Canine Familiar     Summ           0%         N/A       71%         3
 Summon Blazeheart Golem  Fire/Summ      0%         N/A       98%         4


Dungeon Overview and Level Annotations

Branches:
Dungeon (3/15)

Altars:
Kikubaaqudgha

Shops:
D:2 ?

Annotations:
D:3 Sigmund


Innate Abilities, Weirdness & Mutations

You are a hulking beast.
Your limbs bulge with bestial killing power. (Slay +1)
You have a pair of small antennae on your head.
You are partially covered in icy blue scales. (AC +2)
You are partially covered in sharp spines.


Message History

You cannot move. (Use ctrl+direction or * direction to attack while stationary and confused.)
You cannot move. (Use ctrl+direction or * direction to attack while stationary and confused.) Sigmund casts a spell.
Sigmund flickers and vanishes!
Deactivating autopickup; reactivate with Ctrl-A.
Something hits you.
* * * LOW HITPOINT WARNING * * *
You feel less confused. Something hits you but does no damage.
Something hits you but does no damage. Something hits you.
* * * LOW HITPOINT WARNING * * *
A magic dart appears from out of thin air!
The magic dart hits you but does no damage.
Something hits you.
* * * LOW HITPOINT WARNING * * *
Something hits you but does no damage. Something hits you but does no damage.
You hear some strange, mumbled words.
A puff of flame appears from out of thin air!
The puff of flame hits you but does no damage.
Your transformation is almost over.
Something hits you.
* * * LOW HITPOINT WARNING * * *
Something hits you but does no damage. Something completely misses you.
Something hits you.
* * * LOW HITPOINT WARNING * * *
You hear some strange, mumbled words.
A puff of flame appears from out of thin air!
The puff of flame hits you but does no damage.
A magic dart appears from out of thin air!
The magic dart hits you.
* * * LOW HITPOINT WARNING * * *
You hear some strange, mumbled words.
Something tries to affect you, but you resist.
You feel less wooden.
Your +1 animal skin unmelds from your body.
You turn into a hulking beast.
Something hits you!
You die...

####'### ......# .....##+###
( ... #....# #. #'# #....#
#..###)# #....#
##......###....#
#..........#....# #. ######
..........{†h...# #. #.....
#.#....#..##....# #.##....
#....#....##....# ###(##...#
#>.....#........###........#
##.#...................#..###
.........#########..........
###........................
#...#...######.##.#..###...
#.# ###.. #.......###.#.


There were no monsters in sight!

Vanquished Creatures
  Robin (D:2)
  2 adders
  2 dart slugs (D:2)
  A ribbon worm (D:3)
  An orc (D:3)
  5 endoplasms (D:1)
  3 giant cockroaches (D:1)
  12 goblins
  8 hobgoblins
  7 jackals (D:1)
  A quokka (D:1)
  5 ball pythons
  8 bats
  4 frilled lizards (D:1)
  4 rats
64 creatures vanquished.

Notes
Turn   | Place    | Note
-------+----------+-------------------------------------------
     0 | D:1      | Gadfly the Demonspawn Shapeshifter began the quest for the
                  | Orb.
     0 | D:1      | Reached XP level 1. HP: 15/15 MP: 1/1
    93 | D:1      | Gained mutation: You are partially covered in icy blue
                  | scales. (AC +2) [demonic ancestry]
    93 | D:1      | Reached XP level 2. HP: 19/21 MP: 2/2
   100 | D:1      | Reached skill level 1 in Evocations
   355 | D:1      | Found a faded altar of an unknown god.
   568 | D:1      | Gained mutation: You have a pair of small antennae on your
                  | head. [demonic ancestry]
   568 | D:1      | Reached XP level 3. HP: 26/26 MP: 3/3
   975 | D:1      | Found an ancient bone altar of Kikubaaqudgha.
  1139 | D:2      | Noticed Robin
  1378 | D:2      | Killed Robin
  1382 | D:2      | Gained mutation: You are partially covered in sharp spines.
                  | [demonic ancestry]
  1382 | D:2      | Reached XP level 4. HP: 21/32 MP: 4/4
  1493 | D:2      | Identified the +1 chain mail of Patience {Rampage rElec
                  | Slay+2}
  1733 | D:2      | Found Xosiuth's Magic Scroll Shop.
  1741 | D:2      | Bought a scroll of blinking for 75 gold pieces
  1998 | D:3      | Noticed Sigmund
  2068 | D:3      | Slain by Sigmund

Illustrated notes

Levels and vault maps discovered:
D:1:      dpeg_arrival_lava_altar, layout_loops_corners,
          ebering_ecumenical_altar_sacrificial, palyth_stone_intersect,
          hangedman_feature_mirror
D:2:      layout_basic, serial_shops, nicolae_shop_hallway_stairs,
          grunt_decor_one_mirror, uniq_robin
D:3:      layout_basic, grunt_temple_overflow_champion_of_chaos,
          nicolae_wu_jian_wuxing_cycle, uniq_sigmund

Skill      XL: |  1  2  3  4 |
---------------+-------------+-----
Dodging        | 2 |  2.8
Evocations     | 1 2 |  2.1
Unarmed Combat | 3 |  3.0
Shapeshifting  | 3 |  3.0
Fighting       | |  1.9

Action                     |  1- 3 |  4- 6 || total
---------------------------+-------+-------++-------
  Melee: Unarmed           |   167 |    43 ||   210
         Punch             |     3 |     2 ||     5
Ability: Begin Untransform |       |     1 ||     1
    Use: Scroll            |     5 |     2 ||     7
         Potion            |       |     2 ||     2
   Stab: Sleeping          |     1 |       ||     1
 Armour: Animal skin       |   107 |    27 ||   134
         Skin              |       |    31 ||    31
  Dodge: Dodged            |   105 |    19 ||   124
   Form: Beast             |       |     1 ||     1
